 Dungeon Crawl Stone Soup version 0.31-b1-12-gca42e3d1b8 (webtiles) character file.

Game seed: 14821246375286666319

93 Arctor the Ruffian (level 4, -1/34 HPs)
             Began as a Gnoll Shapeshifter on Jan 15, 2024.
             Slain by an ogre
             ... wielding a +0 giant club
              (20 damage)
             ... on level 5 of the Dungeon.
             The game lasted 00:02:51 (2218 turns).

Arctor the Ruffian (Gnoll Shapeshifter)             Turns: 2218, Time: 00:02:51

Health: -1/34      AC: 10    Str: 16    XL:     4   Next: 62%
Magic:  5/5        EV:  6    Int:  9    God:
Gold:   210        SH:  0    Dex: 17    Spells: 5/5 levels left

rFire   . .          .
                       - Unarmed
rCold   . . .        (no shield)
rNeg    . . .        r - +0 plate armour
rPois   .            (helmet currently unavailable)
rElec   .            (cloak currently unavailable)
rCorr   .            (gloves currently unavailable)
SInv    .            (boots currently unavailable)
Will    .....        (no amulet) Stlth
                     q - +6 ring of dexterity
HPRegen 0.25/turn    (no ring)
MPRegen 0.09/turn

%: no passive effects
@: beast-form
A: beast (slay +3), fangs 1, strong nose, distributed training
a: Begin Untransformation


You were on level 5 of the Dungeon.
You were a hulking beast.
You visited 1 branch of the dungeon, and saw 4 of its levels.

You collected 210 gold pieces.

Inventory:

Armour
 c - a +0 animal skin
 j - an orb of mayhem
 o - a +0 cloak
 r - a +0 plate armour (worn)
Jewellery
 q - a +6 ring of dexterity (left hand)
Talismans
 a - a beast talisman (active)
 b - a flux talisman
Scrolls
 f - a scroll of revelation
 i - a scroll of identify {unknown}
 k - a scroll of immolation {unknown}
 l - a scroll of torment {unknown}
 n - a scroll of amnesia {unknown}
 p - a scroll of teleportation {unknown}
 t - a scroll of butterflies {unknown}
Potions
 d - a potion of lignification
 e - 2 potions of attraction {unknown}
 g - 2 potions of enlightenment {unknown}
 h - 5 potions of curing {unknown}
 m - a potion of mutation {unknown}
 s - a potion of magic {unknown}


   Skills:
 + Level 2.8 Fighting
 + Level 1.2 Short Blades
 + Level 1.2 Long Blades
 + Level 1.2 Axes
 + Level 1.2 Maces & Flails
 + Level 1.2 Polearms
 + Level 1.2 Staves
 + Level 1.2 Ranged Weapons
 + Level 1.2 Throwing
 + Level 1.2 Armour
 + Level 4.7 Dodging
 + Level 1.2 Stealth
 + Level 1.2 Shields
 + Level 6.6 Unarmed Combat
 + Level 1.2 Spellcasting
 + Level 1.0 Conjurations
 + Level 1.0 Hexes
 + Level 1.0 Summonings
 + Level 1.0 Necromancy
 + Level 1.0 Translocations
 + Level 1.0 Fire Magic
 + Level 1.0 Ice Magic
 + Level 1.0 Air Magic
 + Level 1.0 Earth Magic
 + Level 1.0 Alchemy
 + Level 1.3 Invocations
 + Level 1.2 Evocations
 + Level 6.6 Shapeshifting


You had 5 spell levels left.
You didn't know any spells.
Your spell library was empty.

Dungeon Overview and Level Annotations

Branches:
Dungeon (5/15)
 Temple: D:4-7

Altars:
Dithmenos

Shops:
D:1 =


Innate Abilities, Weirdness & Mutations

You are a hulking beast.
Your limbs bulge with bestial killing power. (Slay +3)
You have very sharp teeth.
Your uncanny sense of smell can sniff out nearby items.
Your experience applies equally to all skills.


Message History

The ball python grabs you. The ball python constricts you.
You hit the ball python.
You kill the ball python!
A rat is nearby!
A rat is nearby!
You hit the rat.
You kill the rat!
No target in view!
You see here a rat corpse.
Found a stone staircase leading down.
No target in view!
A malevolent force fills the Dungeon...
You fall into a shaft and drop 2 floors!
The shaft crumbles and collapses.
Found a scroll labelled HEBRYDOLAM.
Found an escape hatch in the ceiling.
A white imp comes into view.
The white imp shouts, "Return whence thou came, thou yeasty boil-brained wormtrail!"
A white imp is nearby!
A white imp is nearby!
The white imp gestures at you. The puff of frost hits you.
You punch the white imp!
The white imp is almost dead.
A white imp is nearby!
You punch the white imp!
You kill the white imp!
HP restored.
t - a scroll labelled HEBRYDOLAM No target in view!
No target in view!
An ogre comes into view. It is wielding a +0 giant club.
Found 14 gold pieces.
The ogre shouts!
The ogre hits you with a +0 giant club!
An ogre is nearby!
You hit the ogre.
The ogre is lightly wounded.
The ogre hits you with a +0 giant club!!
Ouch! That really hurt!
You die...

.#.. .#.# .#.#
...# ##..# ####..#
#..#.....#
#...Oh.###
......##...# ..$.#
###.###########
... ∆
#...........# .
#...........#
...............#
................#
............<....#
.....##..........#


You could see an ogre.

Vanquished Creatures
  3 adders
  A white imp (D:5)
  A dart slug (D:3)
  2 ribbon worms
  7 bats
  3 endoplasms
  A giant cockroach (D:3)
  9 goblins
  5 hobgoblins
  3 quokkas
  8 ball pythons
  2 frilled lizards (D:2)
  5 kobolds
  3 rats
53 creatures vanquished.

Notes
Turn   | Place    | Note
-------+----------+-------------------------------------------
     0 | D:1      | Arctor the Gnoll Shapeshifter began the quest for the Orb.
     0 | D:1      | Reached XP level 1. HP: 17/17 MP: 1/1
    31 | D:1      | Found Jijizesa's Jewellery Shoppe.
   368 | D:1      | Reached XP level 2. HP: 14/23 MP: 2/2
  1064 | D:2      | Reached XP level 3. HP: 26/28 MP: 2/4
  1162 | D:2      | Reached skill level 1 in Invocations
  1411 | D:2      | Reached skill level 1 in Short Blades
  1411 | D:2      | Reached skill level 1 in Long Blades
  1411 | D:2      | Reached skill level 1 in Axes
  1411 | D:2      | Reached skill level 1 in Maces & Flails
  1411 | D:2      | Reached skill level 1 in Polearms
  1411 | D:2      | Reached skill level 1 in Staves
  1411 | D:2      | Reached skill level 1 in Ranged Weapons
  1411 | D:2      | Reached skill level 1 in Throwing
  1411 | D:2      | Reached skill level 1 in Armour
  1411 | D:2      | Reached skill level 1 in Stealth
  1411 | D:2      | Reached skill level 1 in Shields
  1411 | D:2      | Reached skill level 1 in Spellcasting
  1411 | D:2      | Reached skill level 1 in Evocations
  1725 | D:3      | Reached XP level 4. HP: 34/34 MP: 5/5
  1734 | D:3      | Found a shadowy altar of Dithmenos.
  2057 | D:3      | Reached skill level 1 in Conjurations
  2057 | D:3      | Reached skill level 1 in Hexes
  2057 | D:3      | Reached skill level 1 in Summonings
  2057 | D:3      | Reached skill level 1 in Necromancy
  2057 | D:3      | Reached skill level 1 in Translocations
  2057 | D:3      | Reached skill level 1 in Fire Magic
  2057 | D:3      | Reached skill level 1 in Ice Magic
  2057 | D:3      | Reached skill level 1 in Air Magic
  2057 | D:3      | Reached skill level 1 in Earth Magic
  2057 | D:3      | Reached skill level 1 in Alchemy
  2189 | D:3      | You fall into a shaft and drop 2 floors!
  2189 | D:5      | Entered Level 5 of the Dungeon
  2216 | D:5      | Noticed an ogre
  2218 | D:5      | Slain by an ogre

Illustrated notes

Levels and vault maps discovered:
D:1:      lightli_arrival_noodles, layout_basic, serial_shops, shop_fountains,
          chequers_serial_rivers_micro_a, minmay_heptomino_h4
D:2:      cheibrodos_greedy_goblins, layout_basic, hex_intersection, nrook_uturn
D:3:      layout_loops_corners, nicolae_dithmenos_shadow_blocks,
          kennysheep_another_room
D:5:      minmay_angry_zag, layout_rooms, grunt_temple_overflow_open,
          serial_undead, serial_undead_c, serial_undead_c, serial_undead_a,
          serial_undead_c, minmay_hedge_maze

Skill      XL: |  1  2  3  4 |
---------------+-------------+-----
Invocations    | 1 |  1.3
Short Blades   | 1 |  1.2
Long Blades    | 1 |  1.2
Axes           | 1 |  1.2
Maces & Flails | 1 |  1.2
Polearms       | 1 |  1.2
Staves         | 1 |  1.2
Ranged Weapons | 1 |  1.2
Throwing       | 1 |  1.2
Armour         | 1 |  1.2
Stealth        | 1 |  1.2
Shields        | 1 |  1.2
Spellcasting   | 1 |  1.2
Evocations     | 1 |  1.2
Conjurations   | 1 |  1.0
Hexes          | 1 |  1.0
Summonings     | 1 |  1.0
Necromancy     | 1 |  1.0
Translocations | 1 |  1.0
Fire Magic     | 1 |  1.0
Ice Magic      | 1 |  1.0
Air Magic      | 1 |  1.0
Earth Magic    | 1 |  1.0
Alchemy        | 1 |  1.0
Fighting       | |  2.8
Dodging        | |  4.7
Unarmed Combat | |  6.6
Shapeshifting  | |  6.6

Action                     |  1- 3 |  4- 6 || total
---------------------------+-------+-------++-------
  Melee: Unarmed           |    81 |    20 ||   101
         Bite              |     3 |     1 ||     4
         Punch             |     3 |       ||     3
    Use: Scroll            |     1 |       ||     1
 Armour: Animal skin       |    43 |       ||    43
         Plate armour      |     1 |    11 ||    12
  Dodge: Dodged            |    38 |     3 ||    41
   Form: Beast             |     1 |       ||     1
